 Dungeon Crawl Stone Soup version 0.24-a0-639-gb70a11d (webtiles) character file.

Game seed: 1609549512822434336, levelgen mode: deterministic

257 BoppinsLewinski the Skirmisher (level 5, -3/46 HPs)
             Began as a Centaur Fighter on Sept 23, 2019.
             Killed by nerve-wracking pain
             ... invoked by Grinder
              (12 damage)
             ... on level 3 of the Dungeon.
             The game lasted 00:05:50 (2711 turns).

BoppinsLewinski the Skirmisher (Centaur Fighter)    Turns: 2711, Time: 00:05:50

Health: -3/46      AC:  8    Str: 25    XL:     5   Next: 93%
Magic:  5/5        EV:  6    Int:  7    God:
Gold:   161        SH:  0    Dex:  8    Spells: 4/4 levels left

rFire    . . .     SeeInvis .   a - +0 flail
rCold    . . .     Gourm    .   (no shield)
rNeg     . . .     Faith    .   h - +0 chain mail
rPois    +         Spirit   .   (no helmet)
rElec    .         Reflect  .   r - scarf {cloud immunity}
rCorr    .         Harm     .   (no gloves)
MR       .....                  (no barding)
Stlth    ..........             (no amulet)
HPRegen  0.15/turn              o - ring of poison resistance
MPRegen  0.09/turn              (no ring)

@: mighty, very quick
A: large, hooves 3, deformed body, speed 2, tough skin 3
a: no special abilities


You were on level 3 of the Dungeon.
You were not hungry.

You visited 1 branch of the dungeon, and saw 3 of its levels.

You collected 161 gold pieces.

Inventory:

Hand Weapons
 a - a +0 flail (weapon)
Armour
 b - a +0 scale mail
 h - a +0 chain mail (worn)
 i - a +0 cloak
 r - a scarf of cloud immunity (worn)
Jewellery
 o - a ring of poison resistance (left hand)
Wands
 d - a wand of flame (11)
Scrolls
 c - 3 scrolls of remove curse {unknown}
 e - a scroll of amnesia {unknown}
 g - a scroll of fog {unknown}
 j - 4 scrolls of identify {unknown}
 n - 3 scrolls of teleportation {unknown}
Potions
 l - 2 potions of lignification {unknown}
 m - a potion of mutation {unknown}
 p - a potion of berserk rage {unknown}
 q - a potion of ambrosia {unknown}
 s - 2 potions of heal wounds
 t - a potion of curing {unknown}
 v - 2 potions of flight {unknown}
Comestibles
 f - 7 rations
 u - 9 chunks of flesh


   Skills:
 + Level 3.9 Fighting
 * Level 3.8 Maces & Flails
 + Level 3.0 Armour
 + Level 1.7 Dodging
   Level 2.1 Shields
 + Level 0.0 Evocations


You had 4 spell levels left.
You didn't know any spells.
Your spell library was empty.

Dungeon Overview and Level Annotations

Branches:
Dungeon (3/15)

Altars:
Makhleb
Ru

Annotations:
D:3 Grinder


Innate Abilities, Weirdness & Mutations

You have hooves in place of feet.
Armour fits poorly on your strangely shaped body.
You cover ground very quickly.
You have extremely tough skin. (AC +3)


Message History

Unknown command.
Ye closely miss Grinder.
Grinder be severely wounded.
Grinder gestures at ye.
Ye sudd'nly lose tha ability ta move!
Grinder hits ye.
Ye writha in agony.
Grinder gestures at ye.
Ye barely resist.
Ye can move again.
Ye closely miss Grinder.
Grinder be severely wounded.
Grinder hits ye but does nay damage.
Unknown command.
Ye closely miss Grinder.
Ye kick Grinder!
Grinder be almost dead.
Grinder hits ye!
* * * LOW HITPOINT WARNIN'
* * * Grinder gestures at ye.
Pain shoots through yer body!
Ye die...

...........# #.........#
...........# #.........#
...........# #....†....#
...........# #.....<...#
........(..#####'#######
##............##.#
##............##)#
##............##)#
###...........##@# #
#...........##5###
##.......>........#
##...###########.#.#
#....# #...#.# .....#
##'###'### ...†##
#........# ....#
#........# ....#
#........#


You could see Grinder.

Vanquished Creatures
  Crazy Yiuf (D:2)
  Terence (D:3)
  Natasha (thrice) (D:3)
  Robin (D:3)
  5 adders
  An ooze (D:2)
  3 dart slugs
  A ball python (D:1)
  2 giant cockroaches (D:1)
  14 goblins
  11 hobgoblins
  5 kobolds
  8 bats
  3 frilled lizards
  6 rats
65 creatures vanquished.

Vanquished Creatures (others)
  5 toadstools (D:1)
5 creatures vanquished.

Grand Total: 70 creatures vanquished

Notes
Turn   | Place    | Note
-------+----------+-------------------------------------------
     0 | D:1      | BoppinsLewinski the Centaur Fighter began the quest for the
                  | Orb.
     0 | D:1      | Reached XP level 1. HP: 19/19 MP: 1/1
   149 | D:1      | Reached XP level 2. HP: 20/26 MP: 2/2
   615 | D:2      | Found a sacrificial altar of Ru.
  1039 | D:2      | Reached XP level 3. HP: 30/31 MP: 3/3
  1331 | D:2      | Found a runed translucent door.
  1332 | D:2      | Noticed Crazy Yiuf
  1412 | D:2      | Killed Crazy Yiuf
  1412 | D:2      | Reached skill level 1 in Dodging
  1412 | D:2      | Reached XP level 4. HP: 38/38 MP: 4/4
  1559 | D:3      | Noticed Natasha
  1561 | D:3      | Noticed Terence
  1582 | D:3      | Killed Natasha
  1585 | D:3      | Killed Terence
  1585 | D:3      | Reached XP level 5. HP: 43/45 MP: 5/5
  1861 | D:3      | Found a burning altar of Makhleb.
  1861 | D:3      | Noticed Natasha
  2162 | D:3      | Killed Natasha
  2288 | D:3      | Noticed Natasha
  2301 | D:3      | Killed Natasha
  2501 | D:3      | Noticed Robin
  2548 | D:3      | Killed Robin
  2654 | D:3      | Noticed Grinder
  2703 | D:3      | Paralysed by Grinder for 3 turns
  2707 | D:3      | Paralysed by Grinder for 3 turns
  2711 | D:3      | Killed from afar by Grinder

Levels and vault maps discovered:
D:1:      ldierk_walled_garden, layout_basic, kennysheep_decorative_pillar,
          corexii_corridor_pit
D:2:      layout_loops_ring, minmay_misc_feat_roman, nicolae_ru_awakened_eye,
          uniq_crazy_yiuf_cottage
D:3:      layout_basic, makhleb_altar_promises_db, first_ration,
          minmay_misc_feat_pillars, uniq_grinder, uniq_robin, uniq_terence,
          uniq_natasha

Skill      XL: |  1  2  3  4  5 |
---------------+----------------+-----
Maces & Flails | 2 3 |  3.8
Dodging        | 1 |  1.7
Armour         | 3 |  3.0
Fighting       | |  3.9
Shields        | |  2.1

Action                   |  1- 3 |  4- 6 || total
-------------------------+-------+-------++-------
Melee: Flail             |    79 |   131 ||   210
       Kick              |     8 |    22 ||    30
  Use: Potion            |     1 |     4 ||     5
 Stab: Invisible         |       |     1 ||     1
  Eat: Chunk             |       |     5 ||     5
Armor: Scale mail        |    27 |       ||    27
       Chain mail        |    39 |    81 ||   120
Dodge: Dodged            |    27 |    62 ||    89
Block: Shield            |     2 |       ||     2

Table legend:
 A = Non-vault XP
 B = Vault XP
 C = Vault XP percentage of total XP
 D = Non-vault monster count
 E = Vault monster count
 F = Vault count percentage of total count
                 A         B        C        D         E       F
            +---------+---------+-------+---------+---------+-------
      Total |     217 |     151 |  41.0 |      49 |      16 |  24.6
            +---------+---------+-------+---------+---------+-------
        D:1 |      25 |       0 |   0.0 |      14 |       0 |   0.0
        D:2 |      60 |      41 |  40.6 |      16 |       1 |   5.9
        D:3 |     132 |     110 |  45.5 |      19 |      15 |  44.1
            +---------+---------+-------+---------+---------+-------
